 Dungeon Sprint DCSS version 0.27-a0-263-gc8dee61f84 (webtiles) character file.

Game seed: 208266271411347333

0 mhtbhm the Shield-Bearer (level 1, -10/28 HPs)
             Began as a Minotaur Fighter on Feb 5, 2021.
             Mangled by a boulder beetle (22 damage)
             ... in the Dungeon (Sprint VII: "The Pits").
             The game lasted 00:00:06 (21 turns).

mhtbhm the Shield-Bearer (Minotaur Fighter)           Turns: 21, Time: 00:00:06

Health: -10/28     AC:  6    Str: 20    XL:     1   Next: 0%
Magic:  0/0        EV:  7    Int:  5    God:
Gold:   0          SH:  9    Dex:  9    Spells: 0/0 levels left

rFire    . . .     SeeInvis .   a - +0 war axe
rCold    . . .     Faith    .   c - +0 kite shield
rNeg     . . .     Spirit   .   b - +0 scale mail
rPois    .         Reflect  .   (helmet restricted)
rElec    .         Harm     .   (no cloak)
rCorr    .         Rampage  .   (no gloves)
Will     .....     NoTele   +   (no boots)
Stlth    ..........             (no amulet)
HPRegen  0.09/turn              (no ring)
MPRegen  0.07/turn              (no ring)

@: berserking (expiring), very quick
A: retaliatory headbutt, horns 2
a: no special abilities


You were in the Dungeon.
You visited 1 branch

Inventory:

Hand Weapons
 a - a +0 war axe (weapon)
Armour
 b - a +0 scale mail (worn)
 c - a +0 kite shield (worn)
Scrolls
 j - a scroll of blinking
Potions
 d - a potion of might
 e - a potion of curing
 f - a potion of heal wounds
 g - a potion of haste
 h - 2 potions of magic


   Skills:
 + Level 3.6 Fighting
 + Level 2.4 Axes
 + Level 3.6 Armour
 + Level 3.6 Shields


You couldn't memorise any spells.
You didn't know any spells.
Your spell library was empty.

Dungeon Overview and Level Annotations

Branches:
Dungeon (1/1)

Altars:


Innate Abilities, Weirdness & Mutations

You reflexively headbutt those who attack you in melee.
You have a pair of horns on your head.


Message History

You feel yourself moving faster!
You feel mighty!
The boulder beetle curls into a ball and begins rolling!
You feel a strong urge to attack something.
The worm closely misses you.
There is a large open door here.
You slash the worm!
The worm is almost dead.
You completely miss the polar bear. The polar bear bites you!
You block the polar bear's attack. x2
Unknown command.
You barely miss the worm.
The worm is almost dead.
You slash the polar bear! The polar bear bites you.
The polar bear claws you but does no damage.
The polar bear completely misses you. The worm barely misses you.
You furiously retaliate!
You headbutt the worm!
You kill the worm!
The boulder beetle hits you!!
Ouch! That really hurt!
You die...

+................+
#......#..#......#
#................#
####'#####''######
#.......##''#####
#.......##......#
#.......##......#
#...<...###....##
#.......# ##@'##
#.......# #h†B.#
#.......##..○...#
##########...°..+
#....°.# ##....##
##++##


You could see a boulder beetle and a polar bear.

Vanquished Creatures
  A worm (D)
1 creature vanquished.

Notes
Turn   | Place    | Note
-------+----------+-------------------------------------------
     0 | D        | mhtbhm the Minotaur Fighter began the quest for the Orb.
     0 | D        | Reached XP level 1. HP: 19/19 MP: 0/0
    17 | D        | Noticed a polar bear
    17 | D        | Noticed a boulder beetle
    21 | D        | Mangled by a boulder beetle

Illustrated notes

Levels and vault maps discovered:
D:        pitsprint [storerooms_1, entrance_room_1, metal_vault_2, armoury_1,
          mini_pit_1, grid_room_1, main_hall_1, silver_pit, the_coven_3,
          the_vestibule_1, steel_vault_4, golden_pit, hallway_of_sentries,
          crystal_vault_6, iron_vault_1, final_vault]

Action                   || total
-------------------------++-------
Melee: War axe           ||     2
  Use: Potion            ||     1
Armor: Scale mail        ||     1
Dodge: Dodged            ||     3
Block: Kite shield       ||     2

Table legend: (Time is in decaauts)
 A = Elapsed time spent in this place.
 B = Non-inter-level travel time spent in this place.
 C = Inter-level travel time spent in this place.
 D = Time resting spent in this place.
 E = Time spent auto-exploring this place.
 F = Levels seen in this place.
 G = Mean time per level.
                   A        B        C        D        E       F      G
               +--------+--------+--------+--------+--------+-----+--------+
         Total |     20 |     20 |      0 |      0 |     17 |   1 |   20.0 |
       Dungeon |     20 |     20 |      0 |      0 |     17 |   1 |   20.0 |
               +--------+--------+--------+--------+--------+-----+--------+

Top non-repeatable levels by time:
       D: 20 daAuts
